 Dungeon Crawl Stone Soup version 0.19-a0-1051-gdb7e7f8 (webtiles) character file.

469 Musica the Conjurer (level 6, -1/45 HPs)
             Began as a Draconian Air Elementalist on Aug 2, 2016.
             Was a Follower of Elyvilon.
             Succumbed to Dowan's poison
             ... on level 4 of the Dungeon.
             The game lasted 00:21:16 (4448 turns).

Musica the Conjurer (Draconian Air Elementalist)    Turns: 4448, Time: 00:21:17

Health: -1/45      AC:  6    Str: 10    XL:     6   Next: 82%
Magic:  3/12       EV: 12    Int: 17    God:    Elyvilon [*.....]
Gold:   139        SH:  0    Dex: 12    Spells: 3 memorised, 7 levels left

rFire  . . .     SeeInvis .     j - +0 mace
rCold  . . .     Gourm    .     (armour unavailable)
rNeg   . . .     Faith    .     (no shield)
rPois  .         Spirit   .     (helmet restricted)
rElec  .         Dismiss  .     (no cloak)
rCorr  .         Reflect  .     (no gloves)
SustAt .         Harm     .     (no boots)
MR     .....                    (no amulet)
Stlth  ++........               (no ring)
                                (no ring)

@: lethally poisoned (-1 -> -16), about to teleport, slowed, very slow, not
resistant to hostile enchantments, unstealthy
A: unfitting armour, cold-blooded, AC +6
a: Lesser Healing, Divine Protection, Renounce Religion


You were on level 4 of the Dungeon.
You worshipped Elyvilon.
Elyvilon was aware of your devotion.
You were very hungry.

You visited 1 branch of the dungeon, and saw 5 of its levels.

You collected 139 gold pieces.

Inventory:

Hand Weapons
 c - a +0 club
 j - a +0 mace (weapon)
Missiles
 d - 34 sling bullets
 e - 8 needles of paralysis
 h - 25 poisoned needles
 n - 9 javelins (quivered)
 u - 3 tomahawks
 w - 3 tomahawks of returning
Wands
 s - a wand of disintegration (9/24)
 t - a wand of paralysis (16/24)
Scrolls
 f - a scroll of amnesia
 g - 2 scrolls of identify
 i - 2 scrolls of teleportation
 l - a scroll of blinking {unknown}
 m - a scroll of immolation {unknown}
 o - a scroll of fog {unknown}
 q - 2 scrolls of enchant weapon {unknown}
Books
 a - a book of Air

   Spells                             Type                      Level
   a - Shock                          Conjuration/Air              1
   b - Swiftness                      Charms/Air                   2
   c - Repel Missiles                 Charms/Air                   2
   d - Static Discharge               Conjuration/Air              3
   e - Lightning Bolt                 Conjuration/Air              5
 p - Sif Muna's Disquisition on Dislocation
   (You found it on level 2 of the Dungeon)

   Spells                             Type                      Level
   a - Apportation                    Translocation                1
Comestibles
 b - 5 bread rations
 v - a meat ration
 x - 5 fruits


   Skills:
 + Level 1.2 Maces & Flails
 - Level 1.7 Dodging
 - Level 1.7 Stealth
 + Level 4.0 Spellcasting
 * Level 4.3 Conjurations
 + Level 4.2 Air Magic
 * Level 2.1 Invocations


You had 7 spell levels left.
You knew the following spells:

 Your Spells              Type           Power        Failure   Level  Hunger
a - Shock                 Conj/Air       ###.         2%          1    None
b - Static Discharge      Conj/Air       ###.....     10%         3    ###....
c - Repel Missiles        Chrm/Air       ##....       12%         2    ##.....


Dungeon Overview and Level Annotations

Branches:
Dungeon (5/15)
 Temple: D:4-7

Altars:
Cheibriados
Elyvilon
Kikubaaqudgha
Okawaru
Sif Muna
Vehumet

Annotations:
D:4 Dowan, Duvessa


Innate Abilities, Weirdness & Mutations

Your plain brown scales are hard. (AC +6)
Your body does not fit into most forms of armour.
You are cold-blooded and may be slowed by cold attacks.


Message History

i - 3 scrolls of teleportation Dowan hits you with a dagger of venom.
* * * LOW HITPOINT WARNING * * *
You are lethally poisoned!
Something hits you.
* * * LOW HITPOINT WARNING * * *
You feel yourself slow down. Something freezes you.
* * * LOW HITPOINT WARNING * * *
Unknown command.
You are healed.
You feel somewhat more hungry.
You feel sick. Dowan hits you but does no damage.
You are lethally poisoned!
Something hits you.
* * * LOW HITPOINT WARNING * * *
You feel as though you will be slow longer.
Something freezes you.
* * * LOW HITPOINT WARNING * * *
As you read the scroll of teleportation, it crumbles to dust.
You feel strangely unstable.
You die...

......##......##.....#.#
......##......##.....#.#
..#.....###.#.######.#.#
#.#..... #.#.##.....#.#
..+...... .# .+.....#.#
#.#....... #.....#
#........ #.....#
#.###+#.# #@e†....+
####...## ?.+ .# #


You could see Dowan.

Vanquished Creatures
  The ghost of ontamu the Chiller, an amateur DEIE (D:3)
  A scorpion (D:4)
  A vampire bat (D:3)
  An orc priest (D:4)
  An orc wizard (D:4)
  3 worker ants (D:4)
  Terence (D:3)
  7 adders
  2 oozes
  4 worms
  2 dart slugs (D:2)
  4 giant geckos
  5 orcs
  3 ball pythons
  6 bats (D:3)
  3 giant cockroaches
  7 hobgoblins
  5 jackals (D:3)
  14 giant newts
  3 goblins (D:1)
  6 kobolds
  2 rats
82 creatures vanquished.

Vanquished Creatures (others)
  A worm (D:4)
1 creature vanquished.

Grand Total: 83 creatures vanquished

Notes
Turn   | Place    | Note
-------+----------+-------------------------------------------
     0 | D:1      | Musica the Draconian Air Elementalist began the quest for the Orb.
     0 | D:1      | Reached XP level 1. HP: 14/14 MP: 3/3
   632 | D:1      | Reached XP level 2. HP: 19/20 MP: 0/5
  1272 | D:1      | Reached XP level 3. HP: 26/26 MP: 1/6
  1277 | D:1      | Learned a level 3 spell: Static Discharge
  1343 | D:2      | Found a white marble altar of Elyvilon.
  1365 | D:2      | Found an iron altar of Okawaru.
  1424 | D:2      | Found a radiant altar of Vehumet.
  1428 | D:2      | Found an ancient bone altar of Kikubaaqudgha.
  1429 | D:2      | Found a deep blue altar of Sif Muna.
  1439 | D:2      | Identified Sif Muna's Disquisition on Dislocation
  1859 | D:2      | HP: 1/26 [worm (10)]
  1918 | D:2      | Became a worshipper of Elyvilon the Healer
  2271 | D:2      | Reached XP level 4. HP: 14/33 MP: 1/8
  2783 | D:3      | Learned a level 2 spell: Repel Missiles
  2810 | D:3      | Found a faded altar of an unknown god.
  2875 | D:3      | Reached XP level 5. HP: 26/38 MP: 0/9
  2918 | D:3      | Noticed ontamu's ghost (amateur DEIE)
  2922 | D:3      | Killed ontamu's ghost
  2922 | D:3      | Reached skill level 1 in Invocations
  3013 | D:3      | Reached * piety under Elyvilon
  3051 | D:3      | Noticed Terence
  3081 | D:3      | Killed Terence
  3081 | D:3      | Reached XP level 6. HP: 27/45 MP: 0/11
  3415 | D:3      | Found a snail-covered altar of Cheibriados.
  3771 | D:4      | Reached skill level 1 in Maces & Flails
  4340 | D:4      | Reached ** piety under Elyvilon
  4346 | D:5      | Entered Level 5 of the Dungeon
  4432 | D:4      | Noticed Duvessa
  4432 | D:4      | Noticed Dowan
  4447 | D:4      | HP: 2/45 [something (6)]
  4448 | D:4      | Succumbed to Dowan's poison

Vault maps used:
D:1:      tarquinn_simple_flora_water_e, minmay_lizard_king
D:2:      grunt_temple_overflow_magic_moments, okawaru_metal_pillars_1_2,
          minmay_misc_feat_more_columns, elyvilon_altar_4
D:3:      cheibriados_altar_1, ecumenical_altar_1, solitary_fountain,
          roderic_batcave, uniq_terence
D:4:      grunt_dithmenos_shadows, serial_shops, shop, first_bread, uniq_duvessa
D:5:      grunt_temple_overflow_open, lemuel_crystal_altar

Skill      XL: |  1  2  3  4  5  6 |
---------------+-------------------+-----
Conjurations   | 2 3 4 |  4.3
Spellcasting   | 3 4 |  4.0
Air Magic      | 4 |  4.2
Invocations    | 1 2 |  2.1
Maces & Flails | 1 |  1.2
Dodging        | |  1.7
Stealth        | |  1.7

Action                   |  1- 3 |  4- 6 || total
-------------------------+-------+-------++-------
Melee: Unarmed           |    13 |       ||    13
       Club              |    22 |       ||    22
       Tailslap          |     8 |    14 ||    22
       Mace              |    61 |   144 ||   205
 Cast: Shock             |    65 |    60 ||   125
       Static Discharge  |     6 |    12 ||    18
       Repel Missiles    |       |     1 ||     1
Invok: Lesser Healing    |       |     4 ||     4
       Heal Other        |       |     3 ||     3
       Divine Protection |       |     1 ||     1
Evoke: Wand              |       |     4 ||     4
  Use: Potion            |       |     7 ||     7
       Scroll            |       |     4 ||     4
 Stab: Sleeping          |       |     2 ||     2
  Eat: Chunk             |     5 |     3 ||     8
       Meat ration       |       |     1 ||     1
       Pizza             |       |     1 ||     1
       Beef jerky        |       |     1 ||     1
Armor: Skin              |    29 |   112 ||   141
Dodge: Dodged            |    90 |   202 ||   292
       Deflected         |       |     2 ||     2
